 Dungeon Crawl Stone Soup version 0.22.1-2-g9c5b331383 (webtiles) character file.

195 Gargoyl the Skirmisher (level 5, 0/69 HPs)
             Began as a Centaur Abyssal Knight on Dec 24, 2018.
             Was a Believer of Lugonu.
             Slain by a hound (4 damage)
             ... on level 3 of the Dungeon.
             The game lasted 00:05:18 (2451 turns).

Gargoyl the Skirmisher (Centaur Abyssal Knight)     Turns: 2451, Time: 00:05:18

Health: 0/69       AC: 22    Str: 11 (14) XL:     5   Next: 45%
Magic:  7/7        EV:  1    Int:  9 (11) God:    Lugonu [**....]
Gold:   173        SH:  2    Dex:  7 (10) Spells: 4/4 levels left

rFire    . . .     SeeInvis .   a - +1 hand axe
rCold    . . .     Gourm    .   n - +0 buckler
rNeg     + + +     Faith    .   (armour currently unavailable)
rPois    +         Spirit   .   (helmet currently unavailable)
rElec    .         Reflect  .   (cloak currently unavailable)
rCorr    .         Harm     .   (gloves currently unavailable)
MR       +....     NoTele   +   (no barding)
Stlth    +.........             (no amulet)
HPRegen  0.21/turn              f - ring of protection from magic
MPRegen  0.10/turn              (no ring)

@: tree-form
A: large
a: Depart the Abyss, Bend Space, Renounce Religion


You were on level 3 of the Dungeon.
You worshipped Lugonu.
Lugonu was pleased with you.
You were hungry.
You were a tree.
You visited 1 branch of the dungeon, and saw 4 of its levels.
You visited the Abyss 1 time.

You collected 173 gold pieces.

Inventory:

Hand Weapons
 a - a +1 hand axe (weapon)
Armour
 d - a +0 pair of gloves (melded)
 e - a +0 scale mail (melded)
 n - a +0 buckler (worn)
Jewellery
 f - a ring of protection from magic (left branch)
Wands
 t - a wand of digging (6)
Scrolls
 g - 2 scrolls of identify
 i - 2 scrolls of teleportation
 j - a scroll of magic mapping
 u - a scroll of remove curse
Potions
 h - a potion of degeneration
 k - a potion of mutation {unknown}
 l - a potion of agility {unknown}
 m - 2 potions of ambrosia {unknown}
 o - a potion of lignification
 p - a potion of curing {unknown}
Comestibles
 c - 7 rations


   Skills:
 + Level 3.8 Fighting
 + Level 3.0 Axes
 * Level 2.5 Armour
 + Level 1.0 Dodging
 + Level 0.2 Shields
 * Level 3.1 Invocations


You had 4 spell levels left.
You didn't know any spells.
Your spell library was empty.

Dungeon Overview and Level Annotations

Branches:
Dungeon (4/15)
 Temple: D:4-7

Altars:


Innate Abilities, Weirdness & Mutations

((You have hooves in place of feet.))
((Armour fits poorly on your strangely shaped body.))
((You cover ground very quickly.))
((You have extremely tough skin. (AC +3)))


Message History

* * * LOW HITPOINT WARNING * * *
The hound bites you.
* * * LOW HITPOINT WARNING * * *
Your scale mail prevents you from hitting the hound.
Your kick misses the hound.
The hound is severely wounded.
The hound bites you.
* * * LOW HITPOINT WARNING * * *
Unknown command.
The hound bites you.
* * * LOW HITPOINT WARNING * * *
It was a potion of degeneration.
There was something very wrong with that liquid.
You feel weakened.
You feel dopey.
You feel clumsy. The hound bites you but does no damage.
It was a potion of lignification.
You turn into a tree.
Your +0 pair of gloves melds into your body.
Your +0 scale mail melds into your body.
Your roots penetrate the ground.
The hound bites you.
You die...

##..## #..........# # #..##
#..........# ## #...###
#..........# .## #.#...#
#......)...#
..######.###.#####
#..........#
#....<.....#.....##
##.#########
#..........#####..####.#
###....†...# ##...##.#####
#.....†..# ##♣...(#.....##
#........# ##.h...........##
#........# #>.....(.......<#
#........# #...............#
############...............#
### #####(.(....(............#
..###.....####.......).......#
#.....##### #.[(............#
##....# ##.............##


You could see a hound.

Vanquished Creatures
  A crimson imp (D:3)
  A hound (D:4)
  An orc wizard (D:3)
  Ijyb (D:3)
  2 adders (D:3)
  A worm (D:3)
  A dart slug (D:1)
  3 leopard geckos
  5 orcs (D:3)
  4 giant cockroaches
  6 goblins
  4 hobgoblins
  4 kobolds
  A quokka (D:2)
  5 bats
  A frilled lizard (D:1)
  5 rats
46 creatures vanquished.

Notes
Turn   | Place    | Note
-------+----------+-------------------------------------------
     0 | Abyss:1  | Gargoyl the Centaur Abyssal Knight began the quest for the
                  | Orb.
     0 | Abyss:1  | Reached XP level 1. HP: 19/19 MP: 2/2
    38 | Abyss:2  | Noticed a chaos spawn
    38 | Abyss:2  | Noticed a chaos spawn
    38 | Abyss:2  | Noticed a chaos spawn
    38 | Abyss:2  | Noticed a chaos spawn
    38 | Abyss:2  | Noticed a chaos spawn
    38 | Abyss:2  | Noticed a chaos spawn
    38 | Abyss:2  | Noticed a chaos spawn
    60 | Abyss:2  | Noticed a chaos spawn
    80 | Abyss:2  | Noticed a small abomination
   100 | Abyss:2  | Noticed a starcursed mass
   102 | D:1      | Escaped the Abyss
   272 | D:1      | Reached XP level 2. HP: 26/26 MP: 3/3
   424 | D:1      | Reached * piety under Lugonu
  1528 | D:3      | Noticed a crimson imp
  1535 | D:3      | Reached XP level 3. HP: 17/31 MP: 4/4
  1553 | D:3      | Reached XP level 4. HP: 16/38 MP: 5/5
  2120 | D:3      | Noticed Ijyb
  2140 | D:3      | Killed Ijyb
  2140 | D:3      | Reached ** piety under Lugonu
  2199 | D:3      | Reached XP level 5. HP: 33/46 MP: 7/7
  2217 | D:3      | Reached skill level 1 in Dodging
  2413 | D:4      | Noticed an ogre
  2448 | D:3      | HP: 2/46 [hound (1)]
  2451 | D:3      | Slain by a hound

Skill      XL: |  1  2  3  4  5 |
---------------+----------------+-----
Axes           | 2 3 |  3.0
Armour         | 2 |  2.5
Invocations    | 3 |  3.1
Dodging        | 1 |  1.0
Fighting       | |  3.8
Shields        | |  0.2

Action                   |  1- 3 |  4- 6 || total
-------------------------+-------+-------++-------
Melee: Hand axe          |    71 |   115 ||   186
       Kick              |     9 |    14 ||    23
Invok: Depart the Abyss  |     1 |       ||     1
  Use: Scroll            |     6 |     3 ||     9
       Potion            |       |     2 ||     2
  Eat: Chunk             |       |     3 ||     3
Armor: Scale mail        |    57 |    54 ||   111
Dodge: Dodged            |    27 |    34 ||    61
Block: Buckler           |     3 |    15 ||    18
